Map: Dusk Towers

Players

CMStormPolt (Polt) - Winner!

  • Race: Terran Terran
  • League: Grandmaster

Epic

  • Race: Terran Terran
  • League: Grandmaster

VOD

Have the link to the VOD?

Description

Time

  • Played on: March 11, 2016, 6 p.m.
  • Length: 16:37
Show
View Real Time Build Order
Export as new Build Order

CMStormPolt Terran - Winner!

Build Orders: Reaper Expand, Bio Tank, Banshee Rush 

Get SALT Encoding   

  12  0:00  SCV  
  13  0:13  SCV  
  14  0:17  Supply Depot  
  14  0:25  SCV  
  15  0:38  SCV  
  15  0:39  Barracks  
  16  0:43  Refinery  
  16  0:50  SCV  
  17  1:02  SCV  
  18  1:15  SCV  
  19  1:27  Reaper, Orbital Command  
  20  1:42  Command Center  
  20  1:52  SCV  
  21  1:55  Supply Depot  
  21  1:59  Marine  
  22  2:05  SCV  
  23  2:09  Factory  
  23  2:17  SCV  
  23  2:20  Refinery  
  24  2:26  Barracks Reactor  
  24  2:29  SCV  
  25  2:41  SCV  
  26  2:53  SCV, Orbital Command  
  26  2:54  Starport  
  26  2:57  Factory Tech Lab  
  27  3:03  Marine x2  
  27  3:05  SCV  
  30  3:18  SCV  
  33  3:21  Marine x2  
  33  3:26  SCV  
  36  3:30  SCV  
  34  3:37  Cloaking Field, Banshee  
  34  3:38  SCV  
  38  3:42  SCV  
  38  3:43  Supply Depot, Marine x2  
  38  3:45  Widow Mine  
  43  3:51  SCV  
  43  3:55  SCV  
  45  4:00  Marine  
  45  4:01  Supply Depot  
  46  4:05  Marine, SCV  
  46  4:07  SCV  
  49  4:19  Factory Tech Lab, SCV x2  
  49  4:20  Banshee  
  53  4:28  Command Center  
  53  4:31  SCV x2  
  55  4:40  Refinery  
  55  4:41  Refinery  
  55  4:42  Siege Tank  
  55  4:43  Engineering Bay, SCV x2  
  60  4:46  Engineering Bay  
  60  4:55  Barracks Tech Lab, SCV x2  
  60  4:56  Barracks  
  60  4:57  Barracks  
  62  5:16  Terran Infantry Weapons Level 1, Terran Infantry Armor Level 1  
  62  5:17  Supply Depot  
  62  5:20  Supply Depot  
  62  5:25  Barracks, Stimpack  
  62  5:26  Barracks  
  62  5:38  Banshee  
  62  5:39  SCV x2  
  62  5:42  Orbital Command  
  67  5:43  Marine  
  67  5:46  Siege Tank, Marine x2, Barracks Reactor  
  73  6:04  Marine x3, Orbital Command  
  73  6:06  SCV  
  73  6:07  SCV  
  78  6:15  Supply Depot  
  78  6:17  Barracks Reactor x2  
  75  6:18  SCV  
  75  6:19  SCV  
  75  6:22  Marine x3  
  80  6:25  Siege Tank  
  80  6:32  Factory  
  83  6:34  Armory  
  83  6:35  Supply Depot, Starport Reactor, SCV x3  
  83  6:36  Supply Depot  
  83  6:37  Refinery  
  83  6:39  Refinery  
  86  6:47  SCV x2  
  86  6:48  SCV  
  86  6:50  Missile Turret  
  86  6:53  Sensor Tower  
  86  6:54  Missile Turret  
  89  6:57  Missile Turret  
  89  7:00  SCV x2  
  89  7:01  Supply Depot x2, SCV  
  90  7:05  Siege Tank  
  93  7:15  Medivac x2  
  97  7:21  SCV x3  
  100  7:26  Marine x9  
  100  7:29  Combat Shields  
  109  7:30  Supply Depot  
  109  7:31  Supply Depot  
  109  7:33  SCV x3  
  112  7:42  Factory  
  110  7:45  SCV x3  
  113  7:52  Medivac x2  
  113  7:53  Terran Infantry Armor Level 2, Terran Infantry Weapons Level 2  
  113  7:56  Terran Vehicle Weapons Level 1  
  117  8:05  Marine x9  
  126  8:19  Supply Depot  
  126  8:21  Supply Depot  
  126  8:22  Supply Depot, Viking x2  
  126  8:24  Supply Depot  
  130  8:27  Marine x4  
  130  8:28  Marine x5  
  130  8:31  Siege Tank x2  
  130  8:32  Sensor Tower  
  141  8:34  Factory Tech Lab  
  139  8:52  Medivac x2  
  143  9:01  Marine x6  
  143  9:02  Marine x3  
  152  9:03  Siege Tank x3  
  152  9:09  Supply Depot  
  161  9:17  Command Center  
  161  9:25  Marine x9  
  161  9:30  Medivac x2  
  173  9:40  Siege Tank x3  
  173  9:45  Barracks x2  
  181  9:52  Marine x8  
  188  9:53  Terran Vehicle Weapons Level 2  
  189  10:21  Terran Infantry Weapons Level 3  
  189  10:27  Command Center  
  89  10:28  Medivac x2  
  188  10:32  Command Center  
  188  10:33  Terran Infantry Armor Level 3  
  192  10:38  Barracks Reactor x2  
  191  10:49  Marine x9  
  200  10:50  Refinery  
  200  10:51  Sensor Tower  
  200  10:52  Refinery  
  199  11:16  Siege Tank  
  162  11:32  Siege Tank x2  
  158  11:33  Marine x6  
  158  11:34  Marine x5  
  169  11:42  Viking x2  
  173  11:47  Orbital Command  
  173  11:48  Siege Tank  
  173  11:50  Command Center  
  173  11:52  Command Center  
  174  12:04  Siege Tank x2  
  174  12:06  Marine x10  
  174  12:07  Marine x3  
  193  12:17  Viking x2  
  193  12:20  Siege Tank  
  193  12:21  Terran Vehicle Weapons Level 3  
  200  12:27  Orbital Command  
  200  12:35  Planetary Fortress  
  200  12:47  Sensor Tower  
  199  13:05  Orbital Command  
  199  13:07  Orbital Command  
  199  13:10  Command Center  
  195  13:19  Hi-Sec Auto Tracking, Building Armor  
  193  13:29  Medivac x2  
  185  13:58  Marine x12  
  191  14:18  Siege Tank x2, Marine x2  
  191  14:19  Marine  
  184  14:28  Orbital Command  
  184  14:30  Orbital Command  
  171  14:32  Orbital Command  
  171  14:37  Orbital Command  
  165  14:38  Command Center  
  165  14:41  Marine x11  
  165  14:43  Viking x2  
  180  14:52  Siege Tank x2  
  184  15:06  Marine x6  
  184  15:07  Marine x7  
  197  15:22  Orbital Command  
  197  15:24  Siege Tank  
  191  16:01  Marine x4  
  191  16:02  Marine x8  
  191  16:03  Marine  
  191  16:04  Siege Tank x2  
  175  16:06  Orbital Command  
Show
View Real Time Build Order
Export as new Build Order

Epic Terran 

Build Orders: Reaper Expand, Bio Tank 

Get SALT Encoding   

  12  0:00  SCV  
  13  0:12  SCV  
  14  0:17  Supply Depot  
  14  0:24  SCV  
  15  0:39  SCV  
  15  0:40  Barracks  
  16  0:44  Refinery  
  16  0:51  SCV  
  17  1:03  SCV  
  18  1:15  SCV  
  19  1:28  Reaper  
  19  1:29  Orbital Command  
  20  1:40  Command Center  
  20  1:50  Supply Depot  
  20  1:54  SCV  
  20  2:00  Marine  
  22  2:06  SCV  
  23  2:12  Factory  
  23  2:18  Marine  
  23  2:19  SCV  
  25  2:31  SCV  
  25  2:35  Marine  
  26  2:43  SCV  
  27  2:48  Command Center  
  27  2:57  Orbital Command  
  27  2:58  SCV  
  28  3:00  Factory Tech Lab  
  28  3:01  Barracks Reactor  
  28  3:10  SCV  
  29  3:22  SCV  
  29  3:25  Siege Tank  
  33  3:28  SCV  
  33  3:32  Supply Depot  
  33  3:34  SCV  
  33  3:36  Refinery  
  33  3:39  Marine x2  
  33  3:40  SCV  
  37  3:46  SCV  
  38  3:52  SCV  
  39  3:55  Starport  
  39  3:57  Marine x2  
  39  3:58  SCV  
  39  4:01  Engineering Bay, Orbital Command  
  42  4:04  SCV  
  43  4:11  SCV  
  43  4:15  Marine  
  43  4:16  Marine, SCV  
  46  4:21  Siege Tank  
  46  4:22  Orbital Command  
  49  4:25  SCV, Refinery x2  
  49  4:28  SCV  
  49  4:31  Barracks  
  51  4:33  Missile Turret  
  51  4:37  Viking  
  53  4:38  Missile Turret  
  53  4:39  SCV  
  53  4:40  SCV  
  53  4:42  Marine x2  
  57  4:49  SCV  
  57  4:51  SCV  
  59  4:52  SCV  
  60  5:04  Missile Turret  
  60  5:08  Supply Depot  
  60  5:10  Supply Depot  
  60  5:12  Cyclone  
  61  5:17  Barracks Tech Lab  
  61  5:23  Starport Reactor  
  61  5:25  Barracks  
  61  5:29  SCV x3  
  61  5:31  Supply Depot  
  64  5:39  Marine  
  64  5:40  Stimpack  
  64  5:41  Marine x2  
  66  5:43  SCV x2  
  66  5:46  SCV  
  72  5:50  Siege Tank  
  70  5:57  SCV x2  
  70  5:58  SCV  
  70  6:00  Supply Depot  
  70  6:02  Medivac x2  
  76  6:04  Terran Infantry Weapons Level 1  
  76  6:08  Engineering Bay  
  76  6:15  Barracks Reactor  
  76  6:17  SCV x3  
  79  6:20  Marine x3  
  79  6:22  Siege Tank  
  82  6:29  SCV  
  82  6:30  SCV x2  
  85  6:33  Medivac x2  
  85  6:38  Refinery  
  89  6:40  Terran Infantry Armor Level 1  
  89  6:43  SCV x3  
  92  6:49  Supply Depot  
  92  6:51  Supply Depot  
  92  6:58  SCV  
  93  7:06  Supply Depot  
  93  7:10  Marine x3, Armory  
  93  7:11  Siege Tank, SCV x2  
  93  7:12  Marine x2  
  93  7:14  Medivac  
  105  7:16  Viking  
  105  7:20  SCV  
  108  7:23  SCV  
  108  7:24  Refinery  
  108  7:27  SCV  
  110  7:33  Barracks  
  110  7:35  Supply Depot, Barracks  
  110  7:46  Marine x4  
  110  7:47  Medivac, Marine  
  116  7:51  Medivac  
  116  7:54  Siege Tank  
  116  7:56  SCV x3  
  123  7:58  Terran Vehicle Weapons Level 1, Terran Infantry Weapons Level 2  
  123  8:09  Marine x5  
  128  8:23  Supply Depot x2  
  128  8:24  Medivac, Barracks Reactor x2  
  128  8:25  Medivac  
  128  8:26  Marine  
  128  8:27  Marine x4  
  137  8:38  Siege Tank  
  137  8:41  Terran Infantry Armor Level 2  
  140  8:44  Marine x3  
  140  8:45  Marine  
  140  8:48  Command Center  
  144  8:50  Marine  
  144  8:53  Combat Shields  
  145  9:02  Marine  
  141  9:04  Marine  
  141  9:05  Medivac x2, Marine x6  
  141  9:08  Marine  
  153  9:10  Factory  
  153  9:15  Supply Depot x2  
  153  9:17  Supply Depot  
  153  9:20  Marine  
  153  9:22  Marine  
  155  9:24  Missile Turret  
  155  9:25  Missile Turret  
  155  9:26  Missile Turret  
  155  9:36  Marine x7  
  155  9:37  Siege Tank  
  155  9:38  Marine  
  166  9:42  Medivac x2  
  166  9:43  Supply Depot  
  166  9:44  Supply Depot  
  170  9:45  Supply Depot  
  170  9:50  Marine  
  171  9:53  Factory Tech Lab, Marine  
  171  9:54  Marine  
  171  9:56  Marine  
  171  9:57  Marine x5  
  179  10:08  Marine  
  179  10:11  Marine x2  
  182  10:14  Marine x2  
  182  10:15  Marine  
  182  10:18  Marine x2  
  182  10:19  Medivac, Siege Tank x2, Marine  
  182  10:20  Medivac  
  197  10:26  Marine  
  197  10:27  Terran Infantry Weapons Level 3  
  198  10:29  Planetary Fortress, Marine  
  196  10:50  Marine x4  
  155  11:28  Marine x9  
  155  11:29  Siege Tank x2, Medivac x2  
  151  11:41  Refinery  
  151  11:42  Refinery  
  151  11:44  Barracks  
  151  11:45  Barracks, Factory  
  151  11:46  Barracks, Marine x9  
  160  11:48  Terran Infantry Armor Level 3  
  159  12:01  Siege Tank x2  
  159  12:03  Marine  
  159  12:04  Marine x8, Medivac x2  
  159  12:07  Terran Vehicle Weapons Level 2  
  175  12:21  Marine x4  
  175  12:22  Marine  
  180  12:33  Siege Tank x2, Medivac  
  180  12:34  Medivac  
  190  12:38  Marine x4  
  190  12:39  Factory Tech Lab, Marine x2  
  190  12:40  Marine  
  190  12:41  Marine x3  
  200  13:10  Command Center  
  196  13:23  Marine  
  196  13:24  Marine x3  
  171  13:51  Marine x2  
  171  13:52  Siege Tank, Marine x7  
  171  13:53  Siege Tank, Medivac x2  
  177  14:09  Marine  
  170  14:13  Marine  
  170  14:14  Marine x7  
  147  14:27  Marine  
  147  14:28  Siege Tank x2, Medivac x2  
  156  14:31  Marine x5  
  156  14:32  Marine x2  
  156  14:34  Command Center  
  163  14:45  Marine x2  
  153  14:49  Marine x2  
  156  15:04  Marine x7  
  156  15:05  Siege Tank x2  
  164  15:07  Marine x2  
  164  15:08  Medivac x2  
  165  15:21  Marine  
  154  15:37  Siege Tank x2  
  130  15:59  Marine x9  
  130  16:00  Medivac x2  
  124  16:12  Command Center  
  124  16:16  Marine  
  124  16:17  Marine  
Tags
 
Add a new tag
Caveats
  • Supply blocks, unpowered buildings, or Contaminate may cause inaccurate times.
  • Supply counts are checked every 10 seconds.